Map: Frozen Temple

Players

Fropez

  • Race: Protoss Protoss
  • League: Gold
  • Spawn Location: 5:00

MrLeroy - Winner!

  • Race: Protoss Protoss
  • League: Gold
  • Spawn Location: 11:00

VOD

Have the link to the VOD?

Description

Time

  • Played on: Sept. 13, 2016, 10:08 a.m.
  • Length: 12:11
Show
View Real Time Build Order
Export as new Build Order

Fropez Protoss 

Build Orders:  

Get SALT Encoding   

  12  0:01  Probe (Chrono Boost)  
  13  0:16  Pylon  
  13  0:18  Probe (Chrono Boost)  
  14  0:29  Probe (Chrono Boost)  
  14  0:35  Gateway  
  15  0:41  Probe (Chrono Boost)  
  16  0:47  Assimilator  
  16  0:52  Probe (Chrono Boost)  
  17  1:07  Pylon  
  17  1:10  Probe (Chrono Boost)  
  18  1:15  Pylon  
  18  1:22  Probe (Chrono Boost)  
  19  1:28  Cybernetics Core  
  20  1:33  Probe (Chrono Boost)  
  20  1:40  Assimilator  
  20  1:43  Probe (Chrono Boost)  
  21  1:52  Pylon  
  21  1:54  Probe (Chrono Boost)  
  22  2:05  Mothership Core (Chrono Boost)  
  22  2:06  Warp Gate (Chrono Boost)  
  24  2:12  Adept  
  26  2:26  Probe  
  27  2:38  Probe  
  27  2:39  Adept  
  27  2:40  Gateway  
  27  2:42  Pylon  
  30  2:51  Probe  
  30  3:03  Probe  
  31  3:07  Adept  
  31  3:08  Gateway  
  33  3:15  Probe  
  34  3:29  Pylon  
  34  3:45  Gateway  
  34  3:47  Gateway  
  32  3:49  Gateway  
  32  4:00  Stalker x2  
  36  4:03  Stalker  
  38  4:25  Stalker x2  
  42  4:44  Robotics Facility  
  42  4:50  Stalker x3  
  32  5:16  Adept x5  
  42  5:28  Pylon  
  40  5:50  Sentry x2  
  48  5:57  Immortal (Chrono Boost)  
  48  6:01  Stalker x3  
  54  6:09  Pylon  
  54  6:31  Immortal (Chrono Boost)  
  58  6:49  Stalker  
  58  6:50  Stalker x2  
  64  7:07  Pylon  
  62  7:27  Pylon  
  62  7:30  Gateway  
  62  7:35  Pylon  
  60  7:55  Nexus  
  60  8:08  Stalker x2  
  64  8:26  Immortal (Chrono Boost)  
  68  8:46  Gateway  
  68  9:00  Observer (Chrono Boost)  
  69  9:11  Stalker x2  
  73  9:19  Forge  
  63  9:30  Probe, Assimilator  
  64  9:42  Probe  
  64  9:45  Sentry x3  
  67  9:50  Mothership Core  
  73  10:01  Pylon  
  73  10:02  Probe  
  73  10:06  Protoss Ground Weapons Level 1 (Chrono Boost)  
  74  10:10  Assimilator  
  74  10:22  Probe x2  
  74  10:26  Immortal  
  80  10:48  Stalker  
  80  10:49  Stalker x2  
  86  10:55  Pylon  
  86  10:59  Pylon  
  86  11:02  Probe x2  
  88  11:15  Stalker x2  
  92  11:25  Stalker x2  
  96  11:34  Twilight Council  
  85  11:57  Stalker x2  
  85  11:58  Stalker x2  
Show
View Real Time Build Order
Export as new Build Order

MrLeroy Protoss - Winner!

Build Orders:  

Get SALT Encoding   

  12  0:01  Probe (Chrono Boost)  
  13  0:11  Probe (Chrono Boost)  
  14  0:27  Pylon  
  14  0:28  Probe (Chrono Boost)  
  14  0:34  Assimilator  
  15  0:46  Gateway  
  15  0:49  Probe (Chrono Boost)  
  16  1:01  Probe (Chrono Boost)  
  17  1:12  Probe (Chrono Boost), Assimilator  
  17  1:17  Pylon  
  18  1:22  Probe (Chrono Boost)  
  19  1:33  Cybernetics Core  
  19  1:46  Probe (Chrono Boost)  
  20  1:54  Pylon  
  20  1:56  Probe (Chrono Boost)  
  21  2:06  Gateway  
  21  2:10  Pylon  
  21  2:13  Warp Gate (Chrono Boost)  
  21  2:14  Stalker  
  23  2:31  Robotics Facility  
  23  2:46  Probe  
  24  3:02  Stalker  
  24  3:04  Sentry  
  27  3:28  Immortal (Chrono Boost)  
  31  3:46  Stalker  
  31  3:47  Stalker  
  35  3:52  Gateway  
  35  3:54  Gateway  
  35  4:07  Immortal (Chrono Boost)  
  39  4:28  Probe  
  40  4:36  Stalker x2  
  44  4:41  Probe  
  37  5:19  Stalker x2  
  37  5:20  Stalker x2  
  45  5:24  Nexus  
  45  5:37  Probe  
  46  5:50  Pylon, Probe  
  46  5:54  Pylon  
  46  6:02  Probe  
  47  6:04  Pylon  
  47  6:10  Immortal (Chrono Boost)  
  51  6:14  Probe  
  52  6:26  Probe, Stalker x2  
  52  6:28  Sentry  
  59  7:23  Probe  
  59  7:26  Probe  
  61  7:34  Probe  
  62  7:38  Probe  
  63  7:44  Probe  
  64  7:52  Stalker x3  
  64  7:53  Stalker  
  64  7:55  Probe  
  64  7:56  Assimilator  
  64  7:58  Assimilator  
  73  8:02  Stargate  
  73  8:05  Probe, Stargate  
  74  8:16  Probe  
  74  8:19  Gateway  
  75  8:21  Gateway  
  75  8:26  Probe x2  
  77  8:37  Probe  
  77  8:38  Probe  
  79  8:46  Void Ray  
  79  8:48  Probe  
  83  8:50  Probe  
  83  8:53  Pylon  
  85  8:55  Pylon  
  85  8:58  Probe  
  86  9:11  Void Ray (Chrono Boost), Probe  
  91  9:23  Probe  
  92  9:30  Void Ray (Chrono Boost)  
  96  9:51  Void Ray (Chrono Boost)  
  100  10:01  Nexus  
  100  10:04  Sentry  
  102  10:10  Pylon  
  102  10:12  Pylon  
  102  10:26  Void Ray (Chrono Boost)  
  102  10:27  Void Ray (Chrono Boost)  
  110  10:36  Assimilator  
  110  10:40  Assimilator  
  110  10:54  Observer  
  111  10:58  Robotics Bay  
  111  11:08  Pylon  
  111  11:09  Pylon  
  111  11:12  Sentry x3  
  111  11:14  Zealot x3  
  123  11:44  Pylon  
Tags
 
League
GoldGold
Matchup
PvP
Replay Pack
All Mines
Spawn Locations
Cross Positions
Add a new tag
Caveats
  • Supply blocks, unpowered buildings, or Contaminate may cause inaccurate times.
  • Supply counts are checked every 10 seconds.